 Dungeon Crawl Stone Soup version 0.21-a0-538-gd16b88a (webtiles) character file.

165 teukkam the Shield-Bearer (level 5, -3/43 HPs)
             Began as a Gnoll Wanderer on Dec 15, 2017.
             Slain by a centaur (5 damage)
             ... on level 3 of the Dungeon.
             The game lasted 00:06:46 (1703 turns).

teukkam the Shield-Bearer (Gnoll Wanderer)          Turns: 1703, Time: 00:06:46

Health: -3/43      AC:  2    Str: 22    XL:     5   Next: 46%
Magic:  7/7        EV: 13    Int: 15    God:
Gold:   88         SH:  5    Dex: 15    Spells: 2/6 levels left

rFire    . . .     SeeInvis .   a - +2 falchion
rCold    . . .     Gourm    .   c - +0 buckler
rNeg     . . .     Faith    .   d - +0 robe
rPois    .         Spirit   .   (no helmet)
rElec    .         Reflect  .   (no cloak)
rCorr    .         Harm     .   (no gloves)
MR       .....                  (no boots)
Stlth    ++........             (no amulet)
HPRegen  0.14/turn              o - +2 ring of dexterity
MPRegen  0.10/turn              u - +6 ring of strength

@: no status effects
A: distributed training, fangs 1, strong nose
a: no special abilities


You were on level 3 of the Dungeon.
You were not hungry.

You visited 1 branch of the dungeon, and saw 4 of its levels.

You collected 88 gold pieces.

Inventory:

Hand Weapons
 a - a +2 falchion (weapon)
 b - a +0 blowgun
 p - a +1 hunting sling of freezing
Missiles
 q - 2 needles of sleeping
 s - 9 poisoned needles
 t - 4 tomahawks (quivered)
Armour
 c - a +0 buckler (worn)
 d - a +0 robe (worn)
Jewellery
 n - an uncursed ring of fire
 o - a +2 ring of dexterity (left hand)
 u - a +6 ring of strength (right hand)
Scrolls
 e - a scroll of fog {unknown}
 g - a scroll of remove curse {unknown}
 i - 2 scrolls of identify {unknown}
 j - 2 scrolls of amnesia {unknown}
 k - 2 scrolls of enchant armour {unknown}
 w - a scroll of fear {unknown}
 x - a scroll of teleportation {unknown}
Potions
 h - a potion of ambrosia {unknown}
 m - 2 potions of curing {unknown}
 z - a potion of flight {unknown}
Books
 r - Sif Muna's Grimoire of the Entourage

   Spells                             Type                      Level
   a - Summon Butterflies             Summoning                    1
   b - Recall                         Summoning/Translocation      3
Comestibles
 f - 2 bread rations
 l - 2 meat rations


   Skills:
 + Level 4.8 Fighting
 + Level 1.4 Short Blades
 + Level 4.8 Long Blades
 + Level 1.4 Axes
 + Level 1.4 Maces & Flails
 + Level 1.4 Polearms
 + Level 1.4 Staves
 + Level 1.4 Slings
 + Level 1.4 Bows
 + Level 1.4 Crossbows
 + Level 1.4 Throwing
 + Level 1.4 Armour
 + Level 3.0 Dodging
 + Level 1.4 Stealth
 + Level 4.8 Shields
 + Level 1.4 Unarmed Combat
 + Level 1.4 Spellcasting
 + Level 1.1 Conjurations
 + Level 1.1 Hexes
 + Level 1.1 Charms
 + Level 2.4 Summonings
 + Level 1.1 Necromancy
 + Level 1.1 Translocations
 + Level 1.1 Transmutations
 + Level 1.1 Fire Magic
 + Level 1.1 Ice Magic
 + Level 1.1 Air Magic
 + Level 1.1 Earth Magic
 + Level 3.9 Poison Magic
 + Level 1.6 Invocations
 + Level 1.4 Evocations


You had 2 spell levels left.
You knew the following spells:

 Your Spells              Type           Power        Failure   Level  Hunger
a - Summon Butterflies    Summ           #.......     9%          1    ##.....
b - Recall                Summ/Tloc      N/A          32%         3    ####...


Dungeon Overview and Level Annotations

Branches:
Dungeon (4/15)
 Temple: D:4-7

Altars:
Trog

Annotations:
D:3 teukkam's ghost, amateur GnWn


Innate Abilities, Weirdness & Mutations

Your experience applies equally to all skills.
You have very sharp teeth.
Your uncanny sense of smell can sniff out nearby items.


Message History

The gnoll is heavily wounded.
The gnoll barely misses you. The sky beast barely misses you.
You riposte.
You closely miss the sky beast. Your bite misses the sky beast.
The gnoll hits you with a club!
You slash the sky beast! You bite the sky beast.
The sky beast is heavily wounded.
The gnoll hits you from afar with a spear.
* * * LOW HITPOINT WARNING * * *
The sky beast hits you but does no damage.
The gnoll misses you.
You riposte.
You hit the gnoll. You bite the gnoll.
You kill the gnoll!
Your Dodging skill increases to level 3!
Something completely misses your butterfly.
The sky beast hits you.
* * * LOW HITPOINT WARNING * * *
The sky beast shocks you.
* * * LOW HITPOINT WARNING * * *
The centaur unwields an uncursed shortbow.
The centaur hits you.
You die...

#÷# ####b## #.#
#####.YW.## #.#
#gg.gg####
###.###.#####
##.......#
#..##..### #
#÷####.# # #####
##)# #.# # #....
##Y@# #.# #
###.!..##(c## #.#
.
.......>#)######.#
..
.......bKg.b..(...
.#.
........#.....##.#
#...
......(.#...<.#
##..
........#b....#
.....####.....#
..... #>.!.(#


You could see a sky beast, a centaur, a gnoll and a kobold.

Vanquished Creatures
  A howler monkey (D:2)
  4 adders (D:2)
  3 gnolls (D:3)
  2 worms
  A dart slug (D:1)
  2 leopard geckos
  4 giant cockroaches
  8 goblins
  8 hobgoblins
  3 quokkas (D:2)
  A ball python (D:2)
  2 bats
  8 kobolds
  8 rats
55 creatures vanquished.

Notes
Turn   | Place    | Note
-------+----------+-------------------------------------------
     0 | D:1      | teukkam the Gnoll Wanderer began the quest for the Orb.
     0 | D:1      | teukkam set off with: a +2 falchion, Sif Muna's Grimoire of the Entourage, a +0 buckler, a +0 robe, a bread ration
     0 | D:1      | Reached XP level 1. HP: 20/20 MP: 1/1
    43 | D:1      | Identified Sif Muna's Grimoire of the Entourage
   115 | D:1      | Reached XP level 2. HP: 19/26 MP: 2/2
   339 | D:2      | Found a bloodstained altar of Trog.
   341 | D:2      | Reached XP level 3. HP: 31/31 MP: 3/3
   468 | D:2      | Learned a level 1 spell: Summon Butterflies
   518 | D:2      | Reached skill level 1 in Invocations
   796 | D:3      | Reached skill level 1 in Short Blades
   796 | D:3      | Reached skill level 1 in Axes
   796 | D:3      | Reached skill level 1 in Maces & Flails
   796 | D:3      | Reached skill level 1 in Polearms
   796 | D:3      | Reached skill level 1 in Staves
   796 | D:3      | Reached skill level 1 in Slings
   796 | D:3      | Reached skill level 1 in Bows
   796 | D:3      | Reached skill level 1 in Crossbows
   796 | D:3      | Reached skill level 1 in Throwing
   796 | D:3      | Reached skill level 1 in Armour
   796 | D:3      | Reached skill level 1 in Stealth
   796 | D:3      | Reached skill level 1 in Unarmed Combat
   796 | D:3      | Reached skill level 1 in Spellcasting
   796 | D:3      | Reached skill level 1 in Evocations
   819 | D:3      | Reached XP level 4. HP: 35/38 MP: 5/5
   889 | D:3      | Noticed teukkam's ghost (amateur GnWn)
   911 | D:3      | Noticed a sky beast
  1249 | D:2      | Reached skill level 1 in Conjurations
  1249 | D:2      | Reached skill level 1 in Hexes
  1249 | D:2      | Reached skill level 1 in Charms
  1249 | D:2      | Reached skill level 1 in Necromancy
  1249 | D:2      | Reached skill level 1 in Translocations
  1249 | D:2      | Reached skill level 1 in Transmutations
  1249 | D:2      | Reached skill level 1 in Fire Magic
  1249 | D:2      | Reached skill level 1 in Ice Magic
  1249 | D:2      | Reached skill level 1 in Air Magic
  1249 | D:2      | Reached skill level 1 in Earth Magic
  1258 | D:2      | Reached XP level 5. HP: 32/43 MP: 5/7
  1509 | D:2      | Learned a level 3 spell: Recall
  1692 | D:3      | Noticed a centaur
  1702 | D:3      | HP: 1/43 [sky beast (5)]
  1703 | D:3      | Slain by a centaur

Vault maps used:
D:1:      shiori_arrival_oz
D:2:      first_bread, trog_three_pillars_becter
D:4:      nicolae_overflow_crystal_walls

Skill      XL: |  1  2  3  4  5 |
---------------+----------------+-----
Summonings     | 2 |  2.4
Invocations    | 1 |  1.6
Short Blades   | 1 |  1.4
Axes           | 1 |  1.4
Maces & Flails | 1 |  1.4
Polearms       | 1 |  1.4
Staves         | 1 |  1.4
Slings         | 1 |  1.4
Bows           | 1 |  1.4
Crossbows      | 1 |  1.4
Throwing       | 1 |  1.4
Armour         | 1 |  1.4
Stealth        | 1 |  1.4
Unarmed Combat | 1 |  1.4
Spellcasting   | 1 |  1.4
Evocations     | 1 |  1.4
Conjurations   | 1 |  1.1
Hexes          | 1 |  1.1
Charms         | 1 |  1.1
Necromancy     | 1 |  1.1
Translocations | 1 |  1.1
Transmutations | 1 |  1.1
Fire Magic     | 1 |  1.1
Ice Magic      | 1 |  1.1
Air Magic      | 1 |  1.1
Earth Magic    | 1 |  1.1
Dodging        | 3 |  3.0
Fighting       | |  4.8
Long Blades    | |  4.8
Shields        | |  4.8
Poison Magic   | |  3.9

Action                   |  1- 3 |  4- 6 || total
-------------------------+-------+-------++-------
Melee: Falchion          |    82 |    78 ||   160
       Bite              |     3 |    12 ||    15
 Fire: Blowgun           |       |     3 ||     3
 Cast: Summon Butterflie |     1 |     5 ||     6
  Use: Potion            |       |     1 ||     1
 Stab: Sleeping          |       |     3 ||     3
  Eat: Meat ration       |       |     1 ||     1
Armor: Robe              |    11 |    10 ||    21
Dodge: Dodged            |    49 |    49 ||    98
Block: Buckler           |    23 |    23 ||    46
       Rpst.: Falchion   |    10 |    15 ||    25

Table legend:
 A = Spawn XP
 B = Non-spawn XP
 C = Spawn XP percentage of total XP
 D = Spawn monster count
 E = Non-spawn monster count
 F = Spawn count percentage of total count
 G = Total turns spent on level
                    A         B        C        D         E        F      G
               +---------+---------+-------+---------+---------+-------+---------
         Total |       0 |     236 |   0.0 |       0 |      55 |   0.0 |  1703
               +---------+---------+-------+---------+---------+-------+---------
           D:1 |       0 |      26 |   0.0 |       0 |      15 |   0.0 |   337
           D:2 |       0 |     142 |   0.0 |       0 |      24 |   0.0 |   926
           D:3 |       0 |      66 |   0.0 |       0 |      15 |   0.0 |   393
           D:4 |       0 |       2 |   0.0 |       0 |       1 |   0.0 |    47
               +---------+---------+-------+---------+---------+-------+---------
